AoeStats
← Enyaloth

MegaRandom

509993926Analyzed
2v2 RM · 2d ago on Sep 29, 2026· 50m 20s· 4 players
Game mode
Random Map
Map size
Medium (4 player)
Population
200
Speed
Normal
Resources
Standard
Victory
Conquest
Starting age
Dark Age
Ending age
Imperial Age
RankedLock teamsTeams togetherTeam positionsShared explorationLock speedFull tech treeHidden civsTurbo modeCheats
Victory
Defeat
🇺🇸 Khmer · United States
1215
+14
🇺🇸 Persians · United States
1178
+15
🇲🇽 Persians · Mexico
1197
-16
🇲🇽 Huns · Mexico
1123
-13
ChetosF
6:50 Loom
10:48 Feudal Age
9:06 Loom
11:30 Double-Bit Axe
14:39 Bloodlines
15:39 Forging
15:36 Scale Barding Armor
17:41 Wheelbarrow
22:22 Castle Age
20:44 Gold Mining
21:26 Fletching
23:10 Bodkin Arrow
23:15 Padded Archer Armor
23:18 Husbandry
24:51 Bow Saw
29:51 Ballistics
30:02 Hand Cart
32:44 Leather Archer Armor
32:38 Town Watch
33:20 Crossbowman
34:07 Thumb Ring
39:46 Imperial Age
38:23 Chain Barding Armor
38:38 Iron Casting
38:00 Light Cavalry
39:33 Horse Collar
41:39 Blast Furnace
42:15 Plate Barding Armor
41:12 Hussar
42:36 Heavy Plow
43:29 Elite Skirmisher
50:06 Chemistry
Marin Pinwin
6:30 Loom
11:04 Feudal Age
12:20 Double-Bit Axe
20:35 Gold Mining
20:31 Horse Collar
23:45 Castle Age
23:33 Bloodlines
23:40 Forging
23:37 Scale Barding Armor
26:43 Gold Shaft Mining
26:48 Iron Casting
27:49 Chain Barding Armor
34:33 Wheelbarrow
38:30 Hand Cart
38:22 Husbandry
41:02 Light Cavalry
43:11 Kamandaran
44:09 Bow Saw
46:36 Imperial Age
Enyaloth
6:47 Loom
12:24 Feudal Age
13:01 Horse Collar
13:18 Double-Bit Axe
19:03 Castle Age
19:22 Pikeman
22:24 Heavy Plow
24:46 Husbandry
24:59 Bloodlines
26:18 Wheelbarrow
27:40 Scale Barding Armor
31:11 Husbandry
32:18 Chain Barding Armor
33:26 Fletching
36:15 Hand Cart
35:47 Town Watch
42:23 Imperial Age
40:31 Forging
40:21 Scale Mail Armor
41:56 Bow Saw
41:49 Town Patrol
43:02 Chain Mail Armor
42:27 Halberdier
46:01 Iron Casting
47:54 Hoardings
48:27 Elite Ballista Elephant
shanzeenee
9:34 Loom
11:49 Feudal Age
12:46 Horse Collar
12:52 Double-Bit Axe
18:50 Castle Age
20:09 Husbandry
20:27 Scale Barding Armor
20:33 Forging
21:35 Bow Saw
21:28 Heavy Plow
21:53 Gold Mining
23:43 Bloodlines
25:08 Wheelbarrow
27:05 Hand Cart
27:49 Iron Casting
27:36 Chain Barding Armor
32:26 Iron Casting
34:07 Fletching
34:46 Squires
42:50 Imperial Age
42:30 Heavy Scorpion
43:11 Cavalier
47:20 Two-Man Saw
45:47 Savar
Connection lost

Rejoining the realm…

Still unreachable

The connection could not be restored.

Session expired

The server has moved on; the page needs a fresh start.